 Dungeon Crawl Stone Soup version 0.28-a0-474-g535839065c (webtiles) character file.

Game seed: 7769867416283207883

112 TrogsFancyHat the Chopper (level 4, 0/40 (41) HPs)
             Began as a Hill Orc Monk on Sept 15, 2021.
             Succumbed to Crazy Yiuf's poison
             ... on level 2 of the Dungeon.
             The game lasted 00:02:21 (3218 turns).

TrogsFancyHat the Chopper (Hill Orc Monk)           Turns: 3218, Time: 00:02:21

HP:   0/40 (41)     AC:  2    Str: 14    XL:     4   Next: 93%
MP:   4/4           EV: 13    Int: 10    God:
Gold: 110           SH:  0    Dex: 13    Spells: 3/3 levels left

rFire   . . .      SeeInvis .   a - +0 hand axe
rCold   . . .      Faith    .   (no shield)
rNeg    . . .      Spirit   .   b - +0 robe
rPois   .          Reflect  .   (no helmet)
rElec   .          Harm     .   (no cloak)
rCorr   .          Rampage  .   (no gloves)
Will    .....                   (no boots)
Stlth   ++........              (no amulet)
HPRegen 0.13/turn               (no ring)
MPRegen 0.09/turn               (no ring)

@: lethally poisoned (0 -> -3), lightly drained
A: no striking features
a: no special abilities


You were on level 2 of the Dungeon.
You visited 1 branch of the dungeon, and saw 2 of its levels.

You collected 110 gold pieces.

Inventory:

Hand Weapons
 a - a +0 hand axe (weapon)
Missiles
 l - 5 javelins (quivered)
Armour
 b - a +0 robe (worn)
Scrolls
 c - 2 scrolls of teleportation {unknown}
 d - 3 scrolls of blinking {unknown}
 f - a scroll of summoning {unknown}
 h - a scroll of torment {unknown}
 m - a scroll of enchant armour {unknown}
Potions
 e - 2 potions of curing {unknown}
 g - a potion of attraction {unknown}
 i - a potion of haste {unknown}
 j - a potion of brilliance {unknown}
 k - a potion of lignification {unknown}


   Skills:
 + Level 4.7 Fighting
 + Level 5.3 Axes
 + Level 3.2 Dodging
 - Level 1.5 Stealth


You had 3 spell levels left.
You didn't know any spells.
Your spell library contained the following spells:

 Spells                   Type           Power      Damage    Failure   Level
 Ensorcelled Hibernation  Hex/Ice        0%         N/A       50%         2
 Spider Form              Tmut/Pois      0%         N/A       75%         3
 Tukima's Dance           Hex            0%         N/A       75%         3
 Freezing Cloud           Conj/Ice/Air   0%         6-21      100%        5
 Lightning Bolt           Conj/Air       0%         1d11      100%        5


Dungeon Overview and Level Annotations

Branches:
Dungeon (2/15)

Altars:

Annotations:
D:2 Crazy Yiuf


Message History

You are too injured to fight recklessly!
You are too injured to fight recklessly!
You are too injured to fight recklessly!
You are too injured to fight recklessly!
You are too injured to fight recklessly!
You are too injured to fight recklessly!
You hit Crazy Yiuf.
Crazy Yiuf is heavily wounded.
Crazy Yiuf barely misses you.
You closely miss Crazy Yiuf.
Crazy Yiuf is heavily wounded.
Crazy Yiuf misses you. Crazy Yiuf closely misses you.
You barely miss Crazy Yiuf.
Crazy Yiuf is heavily wounded.
Crazy Yiuf hits you with a +4 quarterstaff of chaos.
You are poisoned.
You hit Crazy Yiuf.
Crazy Yiuf is heavily wounded.
You feel very sick.
Crazy Yiuf hits you with a +4 quarterstaff of chaos!
* * * LOW HITPOINT WARNING * * *
You hit Crazy Yiuf.
Crazy Yiuf is heavily wounded.
* * * LOW HITPOINT WARNING * * *
You feel sick. Crazy Yiuf barely misses you.
You hit Crazy Yiuf but do no damage.
Crazy Yiuf is heavily wounded.
* * * LOW HITPOINT WARNING * * *
You feel sick. Crazy Yiuf closely misses you.
You hit Crazy Yiuf but do no damage.
Crazy Yiuf is heavily wounded.
* * * LOW HITPOINT WARNING * * *
You feel sick. Crazy Yiuf misses you.
You barely miss Crazy Yiuf.
Crazy Yiuf is heavily wounded.
* * * LOW HITPOINT WARNING * * *
You feel sick. Crazy Yiuf barely misses you.
You hit Crazy Yiuf.
Crazy Yiuf is severely wounded.
You die...

###.#.#.#...........#
#.##.#
....#.#.#.###########
#.##.# #####.#.#.#
#)##.# #.#.#.# #.##.#
#.#.#.# ##### #.##.#
#####.#.#.## #..)#
#######.##.#
...........# #...#
#...........
#####.###.## #.g.#
#.###.#.##..
###.###### #@# #.#
#.#.#... ###........#
♣♣.♣ #.# #.#.#.##
.########### ♣.♣♣ #.#
#.#..... .# ♣♣.♣ #.#
#.###.## .# ♣.♣♣ #.#
#.# #.# .# ### ♣♣.♣♣
#.# #.# #.# .###.#
♣...♣♣ #.# #.# #.#
.....####### ♣....♣
#.# #.# #.#
...........# #....#
### #.# #.#


You could see Crazy Yiuf.

Vanquished Creatures
  7 adders (D:2)
  A worm (D:2)
  A dart slug (D:1)
  8 ball pythons
  4 endoplasms
  4 goblins
  3 hobgoblins
  6 quokkas
  4 bats
  5 frilled lizards
  2 kobolds (D:2)
45 creatures vanquished.

Notes
Turn   | Place    | Note
-------+----------+-------------------------------------------
     0 | D:1      | TrogsFancyHat the Hill Orc Monk began the quest for the
                  | Orb.
     0 | D:1      | Reached XP level 1. HP: 19/19 MP: 1/1
   262 | D:1      | Reached XP level 2. HP: 11/27 MP: 2/2
   653 | D:1      | Found a faded altar of an unknown god.
  1401 | D:2      | Reached XP level 3. HP: 31/33 MP: 3/3
  1921 | D:2      | Reached XP level 4. HP: 23/41 MP: 4/4
  1923 | D:2      | Reached skill level 5 in Axes
  2361 | D:2      | Got Pimu's Disquisition on Feathers and Beguiling
  3202 | D:2      | Found a runed translucent door.
  3203 | D:2      | Noticed Crazy Yiuf
  3216 | D:2      | HP: 2/40 [poisoned by Crazy Yiuf]
  3218 | D:2      | Succumbed to Crazy Yiuf's poison

Illustrated notes

Levels and vault maps discovered:
D:1:      dpeg_arrival_tiny_a, layout_basic, ebering_ecumenical_altar_rust,
          minmay_tromino_v4_a
D:2:      layout_basic, uniq_crazy_yiuf_cottage

Skill      XL: |  1  2  3  4 |
---------------+-------------+-----
Fighting       | 4 |  4.7
Dodging        | 3 |  3.2
Axes           | 5 |  5.3
Stealth        | |  1.5

Action                   |  1- 3 |  4- 6 || total
-------------------------+-------+-------++-------
Melee: Hand axe          |    99 |   100 ||   199
 Stab: Sleeping          |     2 |     1 ||     3
Armor: Robe              |    13 |     8 ||    21
Dodge: Dodged            |    63 |    71 ||   134

Table legend: (Time is in decaauts)
 A = Elapsed time spent in this place.
 B = Non-inter-level travel time spent in this place.
 C = Inter-level travel time spent in this place.
 D = Time resting spent in this place.
 E = Time spent auto-exploring this place.
 F = Levels seen in this place.
 G = Mean time per level.
                   A        B        C        D        E       F      G
               +--------+--------+--------+--------+--------+-----+--------+
         Total |   3229 |   3206 |     23 |      0 |   2795 |   2 | 1614.5 |
       Dungeon |   3229 |   3206 |     23 |      0 |   2795 |   2 | 1614.5 |
               +--------+--------+--------+--------+--------+-----+--------+

Top non-repeatable levels by time:
     D:2: 1830 daAuts
     D:1: 1398 daAuts
